 Dungeon Crawl Stone Soup version 0.26.1-11-gd32895ea62 (webtiles) character file.

Game seed: 3573498551944320880

38 Bliebski the Insei (level 3, 0/23 HPs)
             Began as an Octopode Transmuter on May 3, 2021.
             Slain by a hobgoblin
             ... wielding a +0 club
              (2 damage)
             ... on level 2 of the Dungeon.
             The game lasted 00:02:48 (1186 turns).

Bliebski the Insei (Octopode Transmuter)            Turns: 1186, Time: 00:02:49

Health: 0/23       AC:  1    Str:  9    XL:     3   Next: 43%
Magic:  15/15      EV: 13    Int: 15    God:
Gold:   94         SH:  0    Dex: 13    Spells: 5/6 levels left

rFire    . . .     SeeInvis .     - Unarmed
rCold    . . .     Faith    .   (no shield)
rNeg     . . .     Spirit   .   (helmet currently unavailable)
rPois    .         Reflect  .   (no amulet)
rElec    .         Harm     .   c - ring of magical power
rCorr    .         Rampage  .   (no ring)
Will     .....                  (no ring)
Stlth    ++........             (no ring)
HPRegen  0.07/turn              (no ring)
MPRegen  0.14/turn              (no ring)
                                (no ring)
                                (no ring)

@: appendages (expiring)
A: almost no armour, stealthy swim, amphibious, 8 rings, constrict 8, tentacle
spike 3, camouflage 1, gelatinous body 1
a: End Transformation


You were on level 2 of the Dungeon.
One of your tentacles had a temporary spike.
You visited 1 branch of the dungeon, and saw 2 of its levels.

You collected 94 gold pieces.

Inventory:

Missiles
 a - 20 stones
 j - 9 poisoned darts
Jewellery
 c - a ring of magical power (left tentacle)
 m - an uncursed amulet of magic regeneration {unknown}
Scrolls
 d - a scroll of amnesia {unknown}
 e - 3 scrolls of teleportation {unknown}
 h - a scroll of identify {unknown}
 l - a scroll of remove curse {unknown}
Potions
 b - a potion of degeneration {unknown}
 f - a potion of lignification {unknown}
 g - a potion of resistance {unknown}
 i - a potion of attraction {unknown}
 k - a potion of curing {unknown}


   Skills:
 + Level 1.2 Fighting
 + Level 2.2 Dodging
 + Level 3.6 Unarmed Combat
 + Level 2.3 Spellcasting
 + Level 2.4 Transmutations


You had 5 spell levels left.
You knew the following spells:

 Your Spells              Type           Power        Failure   Level
a - Beastly Appendage     Tmut           18%          8%          1

Your spell library contained the following spells:

 Spells                   Type           Power        Failure   Level
 Wereblood                Tmut           9%           12%         2
 Spider Form              Tmut/Pois      2%           36%         3
 Ice Form                 Ice/Tmut       5%           78%         4
 Blade Hands              Tmut           4%           91%         5


Dungeon Overview and Level Annotations

Branches:
Dungeon (2/15)

Altars:


Innate Abilities, Weirdness & Mutations

You cannot wear most types of armour.
You are very stealthy in the water. (Stealth+)
You are amphibious.
You can wear up to eight rings at the same time.
You can use your tentacles to constrict eight enemies at once.
Your skin changes colour to match your surroundings (Stealth+).
Your rubbery body absorbs attacks. (AC +1, EV +1)
One of your tentacles bears a large vicious spike.


Message History

You kill the adder!
The hobgoblin hits you with a +0 club.
You tentacle-slap the hobgoblin but do no damage.
You grab the hobgoblin.
You constrict the hobgoblin, but do no damage.
The hobgoblin hits you with a +0 club!
You are too injured to fight recklessly!
You are too injured to fight recklessly!
You are too injured to fight recklessly!
You are too injured to fight recklessly!
You are too injured to fight recklessly!
You tentacle-slap the hobgoblin.
The hobgoblin is severely wounded.
You constrict the hobgoblin, but do no damage.
The hobgoblin hits you with a +0 club.
* * * LOW HITPOINT WARNING * * *
You tentacle-slap the hobgoblin but do no damage.
The hobgoblin is severely wounded.
You constrict the hobgoblin. The hobgoblin hits you with a +0 club.
You die...

........# .#.#.#..# #..#
..# ######†.# .... ..# .
# ###..# #..####..# .. #
#....####..#.....#... #
#....##....#.........
####....##.##...<.......
#.....#.##..##....(.....
#.....#.#...#?..@g......
.............:#.....>...
#####.#.#.##.##.........
### #.#.#.##..##.#......
..###.#.#.##.....#......
......#.#.##...###......
..###.#.#.#..... .....
.## #.#...#..#### ##...
.####.##..#...


You could see a hobgoblin.

Vanquished Creatures
  An adder (D:2)
  A leopard gecko (D:1)
  3 bats
  2 giant cockroaches (D:1)
  3 goblins (D:1)
  2 hobgoblins (D:1)
  4 jackals (D:2)
  2 frilled lizards (D:1)
  4 kobolds (D:1)
  6 rats
28 creatures vanquished.

Notes
Turn   | Place    | Note
-------+----------+-------------------------------------------
     0 | D:1      | Bliebski the Octopode Transmuter began the quest for the
                  | Orb.
     0 | D:1      | Reached XP level 1. HP: 13/13 MP: 3/3
   179 | D:1      | Reached XP level 2. HP: 18/18 MP: 3/5
   796 | D:2      | Reached XP level 3. HP: 8/23 MP: 6/6
  1186 | D:2      | Slain by a hobgoblin

Illustrated notes

Levels and vault maps discovered:
D:1:      ebering_trefoil_twist, layout_basic
D:2:      layout_basic, minitemple, amethyst_overflow_temple_binary,
          minmay_misc_feat_hallway, minivault_25, minmay_pentomino_r2,
          uniq_robin, uniq_sigmund

Action                   || total
-------------------------++-------
Melee: Unarmed           ||    65
       Constrict         ||    19
       Tentacles         ||    11
       Kick              ||     9
 Cast: Beastly Appendage ||    15
 Stab: Sleeping          ||     3
Armor: Skin              ||    14
Dodge: Dodged            ||    55
